 Dungeon Crawl Stone Soup version 0.30.1-3-gfc49f6343a (webtiles) character file.

Game seed: 183083662042607391

3066 shmup the Arsonist (level 9, -1/49 HPs)
             Began as a Tengu Fire Elementalist on July 28, 2023.
             Was an Elder of Makhleb.
             Slain by an orc knight
             ... wielding a +0 battleaxe
              (12 damage)
             ... on level 7 of the Dungeon.
             The game lasted 00:27:47 (9181 turns).

shmup the Arsonist (Tengu Fire Elementalist)        Turns: 9181, Time: 00:27:48

Health: -1/49      AC:  6    Str:  8    XL:     9   Next: 88%
Magic:  9/22       EV: 17    Int: 21    God:    Makhleb [****..]
Gold:   364        SH:  0    Dex: 20    Spells: 0/12 levels left

rFire   . . .        d - +2 dagger (drain)
rCold   . . .        (no shield)
rNeg    . . .        m - +0 robe
rPois   .            (helmet restricted)
rElec   .            s - +0 cloak
rCorr   .            q - +2 pair of gloves
SInv    .            (boots unavailable)
Will    .....        (no amulet)
Stlth   ++           D - ring of magical power
HPRegen 0.00/turn    k - +6 ring of dexterity
MPRegen 0.18/turn

%: no passive effects
@: flying quickly and evasively, inhibited regen, quick
A: beak, talons 3, nimble flight, inhibited regeneration
a: Renounce Religion, Minor Destruction, Lesser Servant of Makhleb, Major
Destruction


You were on level 7 of the Dungeon.
You worshipped Makhleb.
Makhleb was greatly pleased with you.
You visited 2 branches of the dungeon, and saw 8 of its levels.
You also visited: Bailey.

You collected 364 gold pieces.

Inventory:

Hand Weapons
 a - a +3 dagger of freezing
 b - a +1 dagger of electrocution
 d - a +2 dagger of draining (weapon)
 p - a +1 short sword of electrocution
 L - a +1 falchion of electrocution
 M - a +4 great sword of freezing
 N - a +1 antimagic short sword
 O - a +1 dagger of venom
Missiles
 f - 42 stones (quivered)
 t - 6 javelins
 y - 30 boomerangs
 H - 12 poisoned darts
 P - a curare-tipped dart
Armour
 e - a +0 pair of gloves
 h - a +0 pair of gloves
 m - a +0 robe (worn)
 q - a +2 pair of gloves (worn)
 s - a +0 cloak (worn)
Magical Staves
 o - a staff of air
 v - a staff of earth
Jewellery
 c - a ring of protection from cold
 k - a +6 ring of dexterity (right hand)
 D - a ring of magical power (left hand)
Wands
 z - a wand of flame (9)
 I - a wand of iceblast (3)
Scrolls
 i - a scroll of poison {unknown}
 l - a scroll of summoning
 n - 2 scrolls of teleportation
 u - a scroll of vulnerability
 w - 2 scrolls of amnesia
 x - 2 scrolls of fear
 A - a scroll of blinking
 B - 3 scrolls of noise
 E - a scroll of immolation {unknown}
 G - a scroll of fog {unknown}
 J - a scroll of silence {unknown}
 K - a scroll of magic mapping
Potions
 g - 2 potions of curing
 j - a potion of brilliance
 r - a potion of resistance
 C - a potion of lignification
 F - 2 potions of heal wounds


   Skills:
 + Level 2.7 Fighting
 + Level 3.9 Dodging
 - Level 2.0 Stealth
 - Level 2.0 Spellcasting
 + Level 9.3 Conjurations
 * Level 11.5 Fire Magic
 + Level 2.3 Ice Magic


You couldn't memorise any spells.
You knew the following spells:

 Your Spells              Type           Power      Damage    Failure   Level
a - Foxfire               Conj/Fire      100%       2x1d9     1%          1
b - Scorch                Fire           100%       2d9       1%          2
c - Inner Flame           Hex/Fire       26%        N/A       4%          3
d - Volatile Blastmotes   Fire/Tloc      52%        2d14      4%          3
e - Hailstorm             Conj/Ice       26%        3d7       4%          3

Your spell library contained the following spells:

 Spells                   Type           Power      Damage    Failure   Level
 Flame Wave               Conj/Fire      46%        2d12      1%          4
 Freeze                   Ice            48%        1d6       5%          1
 Frozen Ramparts          Ice            24%        1d4       17%         3
 Gell's Gravitas          Tloc           2%         N/A       41%         3
 Teleport Other           Tloc           2%         N/A       41%         3
 Animate Armour           Summ/Erth      4%         N/A       82%         4
 Iron Shot                Conj/Erth      10%        9d3       97%         6
 Blade Hands              Tmut           1%         N/A       99%         5
 Dispersal                Tloc           1%         N/A       100%        6


Dungeon Overview and Level Annotations

Branches:
Dungeon (7/15)             Temple (1/1) D:6          Bailey (visited)

Altars:
Cheibriados
Dithmenos
Elyvilon
Fedhas
Gozag
Hepliaklqana
Kikubaaqudgha
Makhleb
Nemelex Xobeh
Okawaru
Sif Muna
Uskayaw
Vehumet
Xom
Yredelemnul
Zin

Annotations:
D:2 Sigmund


Innate Abilities, Weirdness & Mutations

You have a beak for a mouth.
You have claws for feet.
Your magical nature lets you fly swiftly and evasively.
You do not regenerate when monsters are visible.


Message History

Unknown command.
Casting: Scorch (safe; 1% risk of failure)
Confirm with . or Enter, or press ? or * to list all spells.
Flames lash the orc knight.
The orc knight is burned terribly!
The orc knight is moderately wounded.
The orc knight barely misses you.
Unknown command.
Casting: Scorch (safe; 1% risk of failure)
Confirm with . or Enter, or press ? or * to list all spells.
Flames lash the orc knight.
The orc knight is burned terribly!
The orc knight is heavily wounded.
The orc knight closely misses you.
Unknown command.
Casting: Scorch (safe; 1% risk of failure)
Confirm with . or Enter, or press ? or * to list all spells.
Flames lash the orc knight.
The orc knight is burned terribly!
The orc knight is severely wounded.
The orc knight hits you with a +0 battleaxe!
* * * LOW HITPOINT WARNING * * *
Unknown command.
Casting: Scorch (safe; 1% risk of failure)
Confirm with . or Enter, or press ? or * to list all spells.
Flames lash the orc knight.
The orc knight is burned terribly!
The orc knight is severely wounded.
The orc knight hits you with a +0 battleaxe!
* * * LOW HITPOINT WARNING * * *
Unknown command.
Casting: Scorch (safe; 1% risk of failure)
Confirm with . or Enter, or press ? or * to list all spells.
Flames lash the orc knight.
The orc knight is burned terribly!
The orc knight is severely wounded.
The orc knight hits you with a +0 battleaxe!
* * * LOW HITPOINT WARNING * * *
Unknown command.
Casting: Scorch (safe; 1% risk of failure)
Confirm with . or Enter, or press ? or * to list all spells.
Flames lash the orc knight.
The orc knight is burned terribly!
The orc knight is almost dead.
The orc knight hits you with a +0 battleaxe!
You die...

.▒ ▒.▒ ▒+▒ ▒.▒ .▒ ▒.▒
▒▒▒▒▒.▒ ▒.▒ .▒ ▒.▒ ...▒.▒
▒.▒ ▒▒ ▒.▒▒ ▒▒▒.▒.▒▒ ▒.▒
..▒.▒▒▒▒▒......▒▒ ▒.▒
....▒.....[.....▒▒▒▒▒▒▒.[
.....~~~~~.[........▒▒▒▒
▒.~o.%~.▒.▒▒▒▒▒▒.▒▒▒▒
▒.~>Q.~...▒ ▒.....
▒.▒.~...~.▒.▒ ▒▒▒▒▒▒
▒...~~[~~.▒.▒
▒.........▒.▒
▒▒...▒▒....... ▒▒▒▒
▒▒.▒▒.▒▒ ▒.▒▒.▒ ▒.▒▒.▒ .▒


You could see an orc knight (combustible).

Vanquished Creatures
  Edmund (D:5)
  2 orc warriors
  2 black bears
  A centaur (D:6)
  6 kobold brigands
  4 phantoms
  Blork the orc (D:4)
  3 scorpions
  12 wights
  A jelly (D:3)
  2 gnoll boudas
  4 orc priests
  4 hounds
  4 iguanas
  5 orc wizards
  Ijyb (D:4)
  13 gnolls
  5 adders
  2 shadow imps (D:5)
  3 white imps
  3 ufetubi
  3 worms (D:2)
  A dart slug (D:1)
  15 orcs
  5 endoplasms
  4 giant cockroaches
  10 hobgoblins
  2 jackals (D:1)
  24 kobolds
  A quokka (D:2)
  6 ball pythons
  6 bats
  5 frilled lizards
  16 goblins
  7 rats
184 creatures vanquished.

Vanquished Creatures (others)
  343 foxfires
343 creatures vanquished.

Grand Total: 527 creatures vanquished

Notes
Turn   | Place    | Note
-------+----------+-------------------------------------------
     0 | D:1      | shmup the Tengu Fire Elementalist began the quest for the
                  | Orb.
     0 | D:1      | Reached XP level 1. HP: 10/10 MP: 4/4
   284 | D:1      | Reached XP level 2. HP: 9/15 MP: 0/6
   311 | D:1      | Learned a level 2 spell: Scorch
   726 | D:1      | Reached skill level 4 in Fire Magic
  1024 | D:1      | Found a faded altar of an unknown god.
  1339 | D:2      | Reached XP level 3. HP: 19/19 MP: 5/7
  1672 | D:2      | Found a burning altar of Makhleb.
  1677 | D:2      | Became a worshipper of Makhleb the Destroyer
  2305 | D:2      | Reached XP level 4. HP: 24/24 MP: 4/8
  2339 | D:2      | Noticed Sigmund
  2568 | D:3      | Reached skill level 5 in Fire Magic
  2697 | D:3      | Reached * piety under Makhleb
  2698 | D:3      | Gained mutation: Your magical nature lets you fly swiftly
                  | and evasively. [Tengu growth]
  2698 | D:3      | Reached XP level 5. HP: 28/28 MP: 1/9
  3405 | D:3      | Reached skill level 6 in Fire Magic
  3500 | D:3      | Reached XP level 6. HP: 32/32 MP: 8/10
  3566 | D:3      | Learned a level 3 spell: Inner Flame
  3566 | D:3      | Gained mutation: You do not regenerate when monsters are
                  | visible. [potion of mutation]
  3990 | D:4      | Reached ** piety under Makhleb
  4039 | D:4      | Found an ancient bone altar of Kikubaaqudgha.
  4041 | D:4      | Noticed a black bear
  4051 | D:4      | Killed a black bear
  4052 | D:4      | Reached skill level 5 in Conjurations
  4209 | D:4      | Noticed Blork the orc
  4221 | D:4      | Killed Blork the orc
  4222 | D:4      | Reached skill level 7 in Fire Magic
  4222 | D:4      | Reached XP level 7. HP: 36/36 MP: 11/11
  4825 | D:5      | Entered Level 5 of the Dungeon
  4825 | D:5      | Noticed Ijyb
  4830 | D:4      | Killed Ijyb
  4909 | D:5      | Reached skill level 8 in Fire Magic
  5020 | D:5      | Noticed Edmund
  5024 | D:5      | Killed Edmund
  5025 | D:5      | Reached XP level 8. HP: 41/41 MP: 12/12
  5242 | D:5      | Reached skill level 9 in Fire Magic
  5780 | D:5      | HP: 2/41 [spore (39)]
  6347 | D:6      | Found a staircase to the Ecumenical Temple.
  6359 | Temple   | Entered the Ecumenical Temple
  6421 | D:6      | Reached skill level 10 in Fire Magic
  6702 | D:6      | Reached XP level 9. HP: 41/45 MP: 13/13
  6706 | D:6      | Learned a level 3 spell: Volatile Blastmotes
  6848 | D:6      | Reached *** piety under Makhleb
  6864 | D:6      | Reached skill level 1 in Fighting
  6902 | D:6      | Reached skill level 1 in Ice Magic
  7089 | D:6      | Reached skill level 11 in Fire Magic
  7238 | D:6      | Found an opulent altar of Gozag.
  7819 | D:6      | Found a basalt altar of Yredelemnul.
  8467 | D:7      | Found a flagged portal.
  8584 | D:7      | Learned a level 3 spell: Hailstorm
  8585 | Bailey   | Entered a bailey
  9085 | Bailey   | Reached **** piety under Makhleb
  9105 | Bailey   | Noticed an orc knight
  9181 | D:7      | Slain by an orc knight

Illustrated notes

Levels and vault maps discovered:
D:1:      minmay_arrival_stair_chambers, layout_loops_corners,
          shapermc_ecumenical_altar_mp_highgroup, palyth_stone_intersect,
          corner_web_ring, minmay_box_of_dots
D:2:      minmay_door_path, layout_loops_ring, basic_altar, uniq_sigmund
D:3:      layout_rooms
D:4:      layout_loops_ring, lemuel_round_altar, kennysheep_windowed_goal,
          uniq_blork_the_orc
D:5:      layout_basic, kennysheep_another_room, uniq_ijyb, uniq_edmund
D:6:      layout_loops_cross, mainiacjoe_overflow_concentric_impassable,
          minmay_temple_entry_overgrown, minmay_ruined_shrine
D:7:      layout_loops_corners, enter_bailey_5, serial_shops,
          nicolae_shop_getting_attention
Temple:   nicolae_temple_ecumenical_triangle

Skill      XL: |  1  2  3  4  5  6  7  8  9 |
---------------+----------------------------+-----
Conjurations   | 2 3 4 5 6 8 9 |  9.3
Fire Magic     | 4 5 6 7 8 10 11 | 11.5
Fighting       | 2 |  2.7
Ice Magic      | 2 |  2.3
Dodging        | 3 |  3.9
Stealth        | |  2.0
Spellcasting   | |  2.0

Action                     |  1- 3 |  4- 6 |  7- 9 || total
---------------------------+-------+-------+-------++-------
  Melee: Peck              |     2 |     4 |     2 ||     8
         Dagger            |     8 |    21 |     3 ||    32
         Unarmed           |     1 |       |       ||     1
         Kick              |     1 |     4 |     1 ||     6
   Cast: Foxfire           |    61 |    49 |    87 ||   197
         Scorch            |    11 |    29 |    84 ||   124
         Inner Flame       |       |       |    34 ||    34
         Volatile Blastmot |       |       |     3 ||     3
    Use: Potion            |       |     3 |       ||     3
         Scroll            |       |     4 |     8 ||    12
 Armour: Robe              |     2 |    12 |     8 ||    22
  Dodge: Dodged            |    31 |    25 |    41 ||    97
